 Dungeon Crawl Stone Soup version 0.19.0 (webtiles) character file.

9318 Softman25 the Basher (level 11, 0/101 HPs)
             Began as a Minotaur Fighter on Nov 13, 2016.
             Was a Priest of Nemelex Xobeh.
             Slain by an orc
             ... wielding a +0 mace
              (6 damage)
             ... on level 9 of the Dungeon.
             The game lasted 00:21:42 (9210 turns).

Softman25 the Basher (Minotaur Fighter)             Turns: 9210, Time: 00:21:43

Health: 0/101      AC: 11    Str: 21    XL:     11   Next: 21%
Magic:  15/15      EV: 15    Int:  5    God:    Nemelex Xobeh [***...]
Gold:   507        SH: 10    Dex: 18    Spells: 0 memorised, 10 levels left

rFire  . . .     SeeInvis +     m - +5 flail
rCold  + . .     Gourm    .     g - +0 ring mail {rC+}
rNeg   . . .     Faith    .     c - +0 shield
rPois  .         Spirit   .     (helmet restricted)
rElec  .         Reflect  .     L - +1 cloak
rCorr  .         Harm     .     h - +1 pair of gloves
MR     .....                    N - +0 pair of boots
Stlth  +.........               (no amulet)
                                p - ring of see invisible
                                s - +5 ring of dexterity

@: very slightly contaminated
A: retaliatory headbutt, horns 2, blink
a: Blink, Triple Draw, Renounce Religion


You were on level 9 of the Dungeon.
You worshipped Nemelex Xobeh.
Nemelex Xobeh was most pleased with you.
You were not hungry.

You visited 2 branches of the dungeon, and saw 10 of its levels.

You collected 507 gold pieces.

Inventory:

Hand Weapons
 m - a +5 flail (weapon)
 v - the +7 hand crossbow "Giantbane" {freeze, -Tele *Slow rC+++ Int+10}
   (You found it on level 6 of the Dungeon)

   It causes projectiles fired from it to freeze those they strike, causing
   extra injury to most foes and up to half again as much damage against
   particularly susceptible opponents.
   They can also slow down cold-blooded creatures.
   It affects your intelligence (+10).
   It renders you almost immune to cold.
   It prevents most forms of teleportation.
   It may slow you when you take damage.
Missiles
 n - 2 throwing nets (quivered)
 A - 16 bolts
Armour
 c - a +0 shield (worn)
 g - a +0 ring mail of cold resistance (worn)
 h - a +1 pair of gloves (worn)
 L - a +1 cloak (worn)
 N - a +0 pair of boots (worn)
Jewellery
 p - a ring of see invisible (right hand)
 s - a +5 ring of dexterity (left hand)
 x - a +1 ring of slaying {unknown}
 E - an uncursed ring of poison resistance
Wands
 a - a wand of random effects (42/48)
 K - a wand of iceblast (7/15)
Scrolls
 e - a scroll of teleportation
 l - 2 scrolls of fog
 q - a scroll of fear
 u - 3 scrolls of remove curse {@r2}
 C - 2 scrolls of recharging
Potions
 b - 2 potions of flight
 i - a potion of invisibility
 j - a potion of brilliance
 o - 2 potions of cure mutation
 r - 2 potions of mutation
 t - 3 potions of curing {@q1}
 w - a potion of cancellation
 M - 2 potions of lignification
Miscellaneous
 y - a plain deck of destruction {drawn: 4}
 z - an ornate deck of destruction {drawn: 1}
 B - a plain deck of destruction
 G - a plain deck of summoning {drawn: 2}
Comestibles
 d - 5 meat rations
 f - 6 bread rations
 k - 3 royal jellies


   Skills:
 + Level 10.3 Fighting
 + Level 12.9 Maces & Flails
 - Level 3.6 Armour
 + Level 8.8 Dodging
 - Level 3.6 Shields
 - Level 7.0 Evocations


You had 10 spell levels left.
You didn't know any spells.

Dungeon Overview and Level Annotations

Branches:
Dungeon (9/15)             Temple (1/1) D:4
   Lair: D:8-11         Orc: D:9-12

Altars:
Ashenzari
Cheibriados
Dithmenos
Fedhas
Kikubaaqudgha
Makhleb
Nemelex Xobeh
Okawaru
Qazlal
Sif Muna
Trog
Uskayaw
Xom
Zin

Shops:
D:6 *


Innate Abilities, Weirdness & Mutations

You reflexively headbutt those who attack you in melee.
You have a pair of horns on your head.
You can translocate small distances at will.


Message History

As you read the scroll of teleportation, it crumbles to dust.
You feel strangely unstable. Something hits your centaur!
Your surroundings suddenly seem different.
An orc comes into view. It is wielding a dagger.
The orc shouts!
You hear a shout!
You hear a bellow!
An orc comes into view. It is wielding a trident.
An orc comes into view. It is wielding a falchion.
The orc shouts!
Blink to where?
Press: ? - help, Dir - move target cursor You are very lightly contaminated with residual magic.
As you read the scroll of blinking, it crumbles to dust.
An orc and an orc wizard come into view.
The orc shouts!
The orc wizard shouts!
You block the orc's attack.
There is a stone staircase leading up here.
The orc hits you with a mace.
You die...
Your body glows slightly and disappears.

#.. ... #..# ...
#(.# #..# #..#
#..# #..# #
#..###..#####.#
#.......o.รท...#
#.......o####.#
#.......@# #
#...##...#
#...##...# #
#...##...#
#.#...##...####..
#.#...##..o......
#.....##.........
#.#...##o.#####..
#.#...##..# .


You could see an orc wizard and 3 orcs.

Vanquished Creatures
  A hydra (D:9)
  A flayed ghost (D:9)
  Pikel (D:5)
  Maurice (D:8)
  Joseph (D:7)
  Grinder (D:3)
  A hornet (D:9)
  Prince Ribbit (D:5)
  A hippogriff (D:8)
  A wyvern (D:8)
  7 yaks (D:9)
  2 water moccasins
  Duvessa (D:5)
  2 orc warriors
  A slave (D:5)
  A black bear (D:9)
  An eye of draining (D:8)
  6 ogres
  A phantom (D:4)
  8 centaurs
  A big kobold (D:9)
  2 bullfrogs
  2 scorpions
  Dowan (D:5)
  A wight (D:7)
  A howler monkey (D:8)
  A crimson imp (D:7)
  3 hounds (D:8)
  A jelly (D:8)
  A bullfrog skeleton (D:4)
  2 orc priests
  6 orc wizards
  A centaur skeleton (D:8)
  An iguana (D:9)
  6 worker ants
  2 hound skeletons
  7 gnolls
  2 worker ant zombies
  10 adders
  A shadow imp (D:8)
  2 oozes
  An adder zombie (D:5)
  An adder skeleton (D:4)
  4 worms
  A dart slug (D:3)
  3 leopard geckos
  31 orcs
  4 giant cockroaches
  7 goblins
  11 hobgoblins
  4 jackals (D:2)
  A quokka (D:7)
  A ball python (D:8)
  10 bats
  2 frilled lizards
  6 kobolds
  3 leopard gecko skeletons (D:4)
  A quokka skeleton (D:8)
  3 rats
  A plant (D:5)
189 creatures vanquished.

Vanquished Creatures (collateral kills)
  A yaktaur captain (D:9)
  A centaur warrior (D:9)
  A shadow (D:9)
  2 yaks (D:9)
  A vampire (D:9)
  A black bear (D:9)
  An ice beast (D:9)
  A centaur (D:8)
  2 wights (D:7)
11 creatures vanquished.

Vanquished Creatures (others)
  A great orb of eyes (shapeshifter) (D:9)
  A phantom (D:9)
  2 hounds (D:9)
  A leopard gecko (D:5)
  An orc (D:5)
  3 plants (D:5)
9 creatures vanquished.

Grand Total: 209 creatures vanquished

Notes
Turn   | Place    | Note
-------+----------+-------------------------------------------
     0 | D:1      | Softman25 the Minotaur Fighter began the quest for the Orb.
     0 | D:1      | Reached XP level 1. HP: 19/19 MP: 0/0
   158 | D:1      | Reached skill level 3 in Maces & Flails
   172 | D:1      | Reached XP level 2. HP: 18/26 MP: 1/1
   551 | D:1      | Reached skill level 4 in Maces & Flails
   897 | D:2      | Reached XP level 3. HP: 31/31 MP: 2/2
  1550 | D:2      | Reached skill level 5 in Maces & Flails
  1891 | D:2      | Reached XP level 4. HP: 39/39 MP: 3/3
  2216 | D:3      | Reached skill level 6 in Maces & Flails
  2440 | D:3      | Noticed Grinder
  2446 | D:3      | Killed Grinder
  2446 | D:3      | Reached skill level 8 in Maces & Flails
  2446 | D:3      | Reached XP level 5. HP: 24/45 MP: 4/4
  2446 | D:3      | Reached XP level 6. HP: 28/51 MP: 5/5
  2869 | D:4      | Reached skill level 9 in Maces & Flails
  3038 | D:4      | Found a staircase to the Ecumenical Temple.
  3063 | Temple   | Entered the Ecumenical Temple
  3081 | Temple   | Became a worshipper of Nemelex Xobeh the Trickster
  3092 | D:4      | Reached XP level 7. HP: 55/57 MP: 6/6
  3097 | D:4      | Received a gift from Nemelex Xobeh
  3347 | D:4      | Reached skill level 1 in Dodging
  3713 | D:5      | Entered Level 5 of the Dungeon
  3718 | D:5      | Noticed Dowan
  3731 | D:5      | Killed Dowan
  3735 | D:5      | Noticed Duvessa
  3743 | D:5      | Killed Duvessa
  3753 | D:5      | Found a stormy altar of Qazlal.
  3853 | D:5      | Found an iron altar of Okawaru.
  3857 | D:5      | Found a shattered altar of Ashenzari.
  3938 | D:5      | Reached skill level 5 in Fighting
  4112 | D:5      | Noticed Pikel
  4147 | D:5      | Killed Pikel
  4147 | D:5      | Reached skill level 10 in Maces & Flails
  4147 | D:5      | Reached XP level 8. HP: 60/70 MP: 7/7
  4175 | D:5      | Reached * piety under Nemelex Xobeh
  4588 | D:5      | Noticed Prince Ribbit
  4595 | D:5      | Killed Prince Ribbit
  5111 | D:6      | Found a shadowy altar of Dithmenos.
  5143 | D:6      | Got an ebony hand crossbow
  5144 | D:6      | Identified the +7 hand crossbow "Giantbane" {freeze, -Tele *Slow rC+++ Int+10} (You found it on level 6 of the Dungeon)
  5276 | D:6      | Received a gift from Nemelex Xobeh
  5344 | D:6      | Found Wimor's General Store.
  5652 | D:7      | Reached XP level 9. HP: 78/78 MP: 10/10
  5690 | D:7      | Noticed Joseph
  5698 | D:7      | Killed Joseph
  5698 | D:7      | Reached skill level 5 in Evocations
  6316 | D:7      | Reached ** piety under Nemelex Xobeh
  6347 | D:7      | Received a gift from Nemelex Xobeh
  7188 | D:8      | Found an iron altar of Okawaru.
  7206 | D:8      | Noticed Maurice
  7215 | D:8      | Killed Maurice
  7215 | D:8      | Reached skill level 5 in Dodging
  7348 | D:8      | Reached skill level 11 in Maces & Flails
  7803 | D:8      | Received a gift from Nemelex Xobeh
  7833 | D:8      | Reached XP level 10. HP: 37/86 MP: 14/14
  8205 | D:8      | Gained mutation: You can translocate small distances at will. [potion of beneficial mutation]
  8612 | D:9      | Reached *** piety under Nemelex Xobeh
  8636 | D:9      | Reached skill level 12 in Maces & Flails
  8692 | D:9      | Noticed a yaktaur captain
  8695 | D:9      | Noticed a flayed ghost
  8713 | D:9      | Killed a yaktaur captain
  8715 | D:9      | Killed a flayed ghost
  8723 | D:9      | Noticed a five-headed hydra
  8729 | D:9      | Noticed a centaur warrior
  8729 | D:9      | Killed a five-headed hydra
  8729 | D:9      | Reached XP level 11. HP: 37/99 MP: 15/15
  8742 | D:9      | Killed a centaur warrior
  8742 | D:9      | Reached skill level 10 in Fighting
  8803 | D:9      | Paralysed by a hornet for 3 turns
  9146 | D:9      | Received a gift from Nemelex Xobeh
  9176 | D:9      | Noticed a deep elf archer
  9178 | D:9      | Noticed a hill giant
  9186 | D:9      | Noticed a great orb of eyes
  9186 | D:9      | a hill giant changed into a great orb of eyes
  9194 | D:9      | Paralysed by a great orb of eyes for 6 turns
  9200 | D:9      | Killed a great orb of eyes
  9200 | D:9      | HP: 3/100 [card of wild magic (19)]
  9210 | D:9      | Slain by an orc

Skill      XL: |  1  2  3  4  5  6  7  8  9 10 11 |
---------------+----------------------------------+-----
Maces & Flails | 3 4 5 8 9 10 11 12 | 12.9
Dodging        | 4 5 8 |  8.8
Fighting       | 6 7 9 10 | 10.3
Evocations     | 3 7 |  7.0
Armour         | |  3.6
Shields        | |  3.6

Action                   |  1- 3 |  4- 6 |  7- 9 | 10-12 || total
-------------------------+-------+-------+-------+-------++-------
Melee: Flail             |   105 |    96 |   202 |   107 ||   510
       Headbutt          |    22 |    31 |    52 |    34 ||   139
 Fire: Hand crossbow     |       |       |    49 |    14 ||    63
Throw: Throwing net      |       |       |       |     2 ||     2
Evoke: Deck              |       |       |     5 |     8 ||    13
  Use: Potion            |       |     1 |       |     2 ||     3
       Scroll            |       |       |    17 |     7 ||    24
  Eat: Beef jerky        |     2 |       |       |     6 ||     8
       Chunk             |       |     2 |     3 |       ||     5
       Bread ration      |       |     1 |     2 |       ||     3
Armor: Ring mail         |    32 |    25 |    41 |    18 ||   116
Dodge: Dodged            |    26 |    25 |    85 |    53 ||   189
Block: Shield            |    53 |    47 |    94 |    48 ||   242
